 Dungeon Crawl Stone Soup version 0.22-a0-433-gd2a9cce (webtiles) character file.

1603 MisterFreud the Spear-Bearer (level 8, -5/84 HPs)
             Began as a Merfolk Gladiator on May 28, 2018.
             Slain by MisterFreud's ghost (20 damage)
             ... on level 7 of the Dungeon.
             The game lasted 00:11:01 (5474 turns).

MisterFreud the Spear-Bearer (Merfolk Gladiator)    Turns: 5474, Time: 00:11:01

Health: -5/84      AC:  7    Str: 20    XL:     8   Next: 94%
Magic:  10/10      EV: 14    Int:  9    God:
Gold:   448        SH:  0    Dex: 15    Spells: 7/7 levels left

rFire    . . .     SeeInvis .   a - +0 trident
rCold    . . .     Gourm    .   (no shield)
rNeg     . . .     Faith    .   b - +0 leather armour
rPois    .         Spirit   .   c - +1 helmet
rElec    .         Reflect  .   q - +0 cloak
rCorr    .         Harm     .   x - +0 pair of gloves
MR       +....                  (no boots)
Stlth    ..........             I - amulet of rage
HPRegen  0.24/turn              m - ring of protection from magic
MPRegen  0.12/turn              (no ring)

@: berserking (expiring), very quick
A: change form in water, swift swim, stealthy swim
a: Evoke Berserk Rage


You were on level 7 of the Dungeon.
You were hungry.

You visited 1 branch of the dungeon, and saw 7 of its levels.

You collected 448 gold pieces.

Inventory:

Hand Weapons
 a - a +0 trident (weapon)
Missiles
 d - 4 throwing nets (quivered)
 r - 138 stones
Armour
 b - a +0 leather armour (worn)
 c - a +1 helmet (worn)
 q - a +0 cloak (worn)
 x - a +0 pair of gloves (worn)
Jewellery
 m - a ring of protection from magic (left hand)
 v - an uncursed ring of ice
 I - an amulet of rage (around neck)
Wands
 g - a wand of random effects (23)
 A - a wand of iceblast (9)
 C - a wand of enslavement (4)
 D - a wand of polymorph (16)
 E - a wand of paralysis (13)
 F - a wand of acid (11)
Scrolls
 e - 3 scrolls of magic mapping
 s - a scroll of immolation {unknown}
 t - 3 scrolls of identify {unknown}
 u - 4 scrolls of remove curse {unknown}
 w - a scroll of enchant weapon {unknown}
 y - a scroll of amnesia {unknown}
 G - a scroll of teleportation {unknown}
Potions
 h - a potion of lignification {unknown}
 i - 4 potions of heal wounds
 j - a potion of magic {unknown}
 k - 3 potions of degeneration {unknown}
 l - 6 potions of curing
 n - a potion of agility
 o - a potion of mutation {unknown}
 p - a potion of haste {unknown}
 z - a potion of cancellation {unknown}
 B - 2 potions of might {unknown}
 H - a potion of invisibility {unknown}
Comestibles
 f - 9 rations


   Skills:
 - Level 2.1 Fighting
 - Level 14.2 Polearms
 - Level 2.0 Throwing
 - Level 4.0 Dodging
 + Level 3.9 Evocations


You had 7 spell levels left.
You didn't know any spells.
Your spell library contained the following spells:

 Spells                   Type           Power        Failure   Level  Hunger
 Spider Form              Tmut/Pois      #.........   82%         3    ####...
 Blade Hands              Tmut           #.........   100%        5    ######.
 Ice Form                 Ice/Tmut       #.......     99%         4    #####..
 Sticks to Snakes         Tmut           #.......     58%         2    ###....
 Beastly Appendage        Tmut           #.....       43%         1    ##.....


Dungeon Overview and Level Annotations

Branches:
Dungeon (7/15)
 Temple: D:4-7

Altars:
Hepliaklqana
Nemelex Xobeh
Okawaru
Ru
Trog
Vehumet
Wu Jian
Xom

Annotations:
D:2 Sigmund
D:4 MisterFreud's ghost, amateur MfGl
D:7 MisterFreud's ghost, novice MfGl


Message History

You miss MisterFreud's ghost.
MisterFreud's ghost is severely damaged.
MisterFreud's ghost hits you!!
You are too injured to fight recklessly!
You are too injured to fight recklessly!
You are too injured to fight recklessly!
You miss MisterFreud's ghost.
MisterFreud's ghost is severely damaged.
You barely miss MisterFreud's ghost.
MisterFreud's ghost is severely damaged.
MisterFreud's ghost hits you!
* * * LOW HITPOINT WARNING * * *
You barely miss MisterFreud's ghost.
MisterFreud's ghost is severely damaged.
You miss MisterFreud's ghost.
MisterFreud's ghost is severely damaged.
You miss MisterFreud's ghost.
MisterFreud's ghost is severely damaged.
MisterFreud's ghost hits you!!
You die...

.. >.. . #.. #.. #.# ###..
## #.# ... ... ###.##W#
...##....@.# .........###
..##....###.# #........#
#....##### #....# #....#
#####.### #..###
#......o..##
..####..########.###..##..#


You could see MisterFreud's ghost.

Vanquished Creatures
  A hippogriff (D:7)
  2 ice beasts
  3 ogres
  A phantom (D:4)
  A scorpion (D:6)
  A crimson imp (D:7)
  A bullfrog zombie (D:2)
  3 hounds (D:7)
  A jelly (D:5)
  3 orc priests
  A bullfrog skeleton (D:7)
  4 orc wizards
  Jessica (D:3)
  A centaur skeleton (D:6)
  An iguana (D:6)
  4 worker ants
  Natasha (thrice) (D:3)
  2 adders
  2 shadow imps
  An adder zombie (D:6)
  2 worms
  5 dart slugs
  5 leopard geckos
  19 orcs
  8 bats
  5 giant cockroaches
  6 goblins
  8 hobgoblins
  3 quokkas
  7 frilled lizards
  A jackal zombie (D:5)
  5 kobolds
  5 rats
  A fungus (D:2)
117 creatures vanquished.

Notes
Turn   | Place    | Note
-------+----------+-------------------------------------------
     0 | D:1      | MisterFreud the Merfolk Gladiator began the quest for the Orb.
     0 | D:1      | Reached XP level 1. HP: 16/16 MP: 1/1
    70 | D:1      | Reached skill level 5 in Polearms
   133 | D:1      | Reached XP level 2. HP: 16/22 MP: 2/2
   456 | D:1      | Reached skill level 6 in Polearms
   456 | D:1      | Reached XP level 3. HP: 27/27 MP: 3/3
   475 | D:2      | Noticed Sigmund
   549 | D:2      | Reached XP level 4. HP: 16/33 MP: 4/4
   649 | D:2      | Reached skill level 7 in Polearms
  1550 | D:3      | Found a hazy altar of Hepliaklqana.
  1565 | D:3      | Found a bloodstained altar of Trog.
  1565 | D:3      | Noticed Natasha
  1584 | D:3      | Killed Natasha
  1584 | D:3      | Reached skill level 8 in Polearms
  1584 | D:3      | Reached XP level 5. HP: 35/38 MP: 5/5
  1666 | D:3      | Found a sparkling altar of Nemelex Xobeh.
  1772 | D:3      | Noticed Natasha
  1866 | D:3      | Killed Natasha
  1866 | D:3      | Reached skill level 9 in Polearms
  2045 | D:3      | Noticed Jessica
  2046 | D:3      | Found a sparkling altar of Nemelex Xobeh.
  2051 | D:3      | Killed Jessica
  2051 | D:3      | Reached XP level 6. HP: 42/44 MP: 6/6
  2061 | D:3      | Noticed Natasha
  2074 | D:3      | Killed Natasha
  3033 | D:4      | Reached skill level 10 in Polearms
  3056 | D:4      | Noticed a phantom
  3091 | D:4      | Killed a phantom
  3146 | D:4      | Found an iron altar of Okawaru.
  3184 | D:4      | Reached XP level 7. HP: 36/50 MP: 7/7
  3201 | D:4      | Reached skill level 11 in Polearms
  3469 | D:4      | Noticed MisterFreud's ghost (amateur MfGl)
  3610 | D:5      | Entered Level 5 of the Dungeon
  3751 | D:5      | Found a sacrificial altar of Ru.
  3812 | D:5      | Found a radiant altar of Vehumet.
  4048 | D:5      | Found a shimmering altar of Xom.
  4107 | D:5      | Found an ornate altar of the Wu Jian Council.
  4138 | D:6      | Reached skill level 12 in Polearms
  4609 | D:6      | Reached skill level 13 in Polearms
  4609 | D:6      | Reached XP level 8. HP: 56/56 MP: 8/8
  5139 | D:7      | Noticed a hippogriff
  5162 | D:7      | Killed a hippogriff
  5162 | D:7      | Reached skill level 14 in Polearms
  5454 | D:7      | Noticed MisterFreud's ghost (novice MfGl)
  5474 | D:7      | Slain by MisterFreud's ghost

Vault maps used:
D:1:      mrwooster_arrival_statue, kennysheep_boxes
D:2:      minmay_gold_behind_fungi, minmay_heptomino_h4, uniq_sigmund
D:3:      lightli_temple_of_fire, nemelex_xobeh_ov_fountains_minmay,
          lemuel_crystal_altar, first_ration, nemelex_lonely_heart_becter,
          uniq_natasha
D:4:      lemuel_doored_altar, kennysheep_mini
D:5:      marbit_many_paths, old_standard_altar, nicolae_ru_path_of_blood,
          kennysheep_mini_moat
D:7:      temple_green

Skill      XL: |  1  2  3  4  5  6  7  8 |
---------------+-------------------------+-----
Polearms       | 5 6 8 9 10 13 14 | 14.2
Evocations     | 3 |  3.9
Fighting       | |  2.1
Throwing       | |  2.0
Dodging        | |  4.0

Action                   |  1- 3 |  4- 6 |  7- 9 || total
-------------------------+-------+-------+-------++-------
Melee: Trident           |    61 |   252 |   257 ||   570
 Abil: Evoke Berserk Rag |       |       |     2 ||     2
  Use: Scroll            |       |     4 |       ||     4
       Potion            |       |     2 |       ||     2
 Stab: Sleeping          |       |     3 |     2 ||     5
  Eat: Chunk             |       |     7 |     9 ||    16
Armor: Leather armour    |    11 |    30 |    37 ||    78
Dodge: Dodged            |    32 |    97 |    87 ||   216

Table legend:
 A = Spawn XP
 B = Non-spawn XP
 C = Spawn XP percentage of total XP
 D = Spawn monster count
 E = Non-spawn monster count
 F = Spawn count percentage of total count
 G = Total turns spent on level
                    A         B        C        D         E        F      G
               +---------+---------+-------+---------+---------+-------+---------
         Total |       0 |    2290 |   0.0 |       0 |     116 |   0.0 |  5474
               +---------+---------+-------+---------+---------+-------+---------
           D:1 |       0 |      34 |   0.0 |       0 |      17 |   0.0 |   545
           D:2 |       0 |      95 |   0.0 |       0 |      20 |   0.0 |   764
           D:3 |       0 |     293 |   0.0 |       0 |      30 |   0.0 |  1762
           D:4 |       0 |     320 |   0.0 |       0 |      18 |   0.0 |   539
           D:5 |       0 |     209 |   0.0 |       0 |       7 |   0.0 |   781
           D:6 |       0 |     570 |   0.0 |       0 |      13 |   0.0 |   644
           D:7 |       0 |     769 |   0.0 |       0 |      11 |   0.0 |   439
               +---------+---------+-------+---------+---------+-------+---------
